 Dungeon Sprint DCSS version 0.28-a0-828-g0121872642 (webtiles) character file.

Game seed: 11052322286539229403

211 ytrimaz the Skirmisher (level 5, 40/51 HPs)
             Began as a Palentonga Fighter on Nov 10, 2021.
             Was an Elder of Jiyva.
             Quit the game in the Dungeon (Sprint IX: "|||||||||||||||||||||||||||||").
             The game lasted 00:01:40 (443 turns).

ytrimaz the Skirmisher (Palentonga Fighter)          Turns: 443, Time: 00:01:41

Health: 40/51      AC: 10    Str: 20    XL:     5   Next: 57%
Magic:  5/5        EV:  8    Int: 12    God:    Jiyva [****..]
Gold:   0          SH:  5    Dex: 12    Spells: 4/4 levels left

rFire   . . .      SeeInvis +   a - +0 war axe
rCold   . . .      Faith    .   c - +0 buckler
rNeg    . . .      Spirit   .   o - +2 ring mail
rPois   .          Reflect  .   (no helmet)
rElec   .          Harm     .   n - +0 cloak
rCorr   +          Rampage  .   (no gloves)
Will    .....      NoTele   +   (no barding)
Stlth   +.........              (no amulet)
HPRegen 0.17/turn               p - +3 ring of dexterity
MPRegen 0.09/turn               q - +3 ring of intelligence

@: no status effects
A: large, rugged brown scales 3, see invisible, deformed body, roll 1, armoured
tail, eyeballs 1
a: Rolling Charge, Renounce Religion, Request Jelly, Slimify


You were in the Dungeon.
You worshipped Jiyva.
Jiyva was greatly pleased with you.
You visited 1 branch

Inventory:

Hand Weapons
 a - a +0 war axe (weapon)
Armour
 c - a +0 buckler (worn)
 n - a +0 cloak (worn)
 o - a +2 ring mail (worn)
Jewellery
 p - a +3 ring of dexterity (left hand)
 q - a +3 ring of intelligence (right hand)
Wands
 l - a wand of iceblast (10)
Scrolls
 j - 2 scrolls of blinking
 k - 2 scrolls of amnesia
Potions
 d - a potion of invisibility
 e - 2 potions of heal wounds
 f - 4 potions of curing
 g - a potion of haste
 h - 4 potions of magic
 i - a potion of berserk rage


   Skills:
 + Level 7.0 Fighting
 + Level 5.7 Axes
 + Level 5.5 Armour
 + Level 1.0 Dodging
 + Level 4.9 Shields


You had 4 spell levels left.
You didn't know any spells.
Your spell library was empty.

Dungeon Overview and Level Annotations

Branches:
Dungeon (1/1)

Altars:
Cheibriados
Dithmenos
Elyvilon
Fedhas
Gozag
Hepliaklqana
Kikubaaqudgha
Makhleb
Nemelex Xobeh
Okawaru
Qazlal
Ru
Sif Muna
Trog
Uskayaw
Vehumet
Wu Jian
Xom
Yredelemnul
Zin
The Shining One
Beogh
Jiyva
Lugonu


Innate Abilities, Weirdness & Mutations

You are completely covered in rugged brown scales. (AC +3, +7% HP)
You have supernaturally acute eyesight. (SInv)
Armour fits poorly on your strangely shaped body.
You can roll at nearby foes to attack.
You have a long armoured tail.
Your body has grown golden eyes which may confuse attackers. (Acc +3)


Message History

There is a glowing silver altar of Zin here.
There is a basalt altar of Yredelemnul here.
The howler monkey hits the orc warrior.
There is a shimmering altar of Xom here.
The howler monkey barely misses the orc warrior.
There is an ornate altar of the Wu Jian Council here.
There is a radiant altar of Vehumet here.
There's nothing you can charge at!
Unknown command.
Press < or > to pray at altars.
Okay, then.
There is an ornate altar of the Wu Jian Council here.
Roll where?
Press: ? - help, Dir - move target, f - howler monkey
Aim: a howler monkey (heavily wounded, confused)
You roll forward with a clatter of scales!
You slice the howler monkey!!
You kill the howler monkey!
Your Fighting skill increases to level 7!
Your Dodging skill increases to level 1!
There is a basalt altar of Yredelemnul here.
There is a shimmering altar of Xom here.
There is an ornate altar of the Wu Jian Council here.
There is a radiant altar of Vehumet here.
There is a hide-covered altar of Uskayaw here.
There is a bloodstained altar of Trog here.
There is a shimmering blue altar of Sif Muna here.
There is a sacrificial altar of Ru here.
There is a stormy altar of Qazlal here.
Roll where?
Press: ? - help, Dir - move target, f - orc warrior
Aim: an orc warrior, wielding a +0 war axe and wearing a +0 chain mail (lightly wounded)
You roll forward with a clatter of scales!
You hit the orc warrior.
Your tail-slap misses the orc warrior.
The orc warrior is lightly wounded.
The orc warrior hits you but does no damage.
The orc warrior hits you with a +0 war axe!
Unknown command.
Press < or > to pray at altars.
Are you sure you want to abandon this character and quit the game? (Confirm with "yes".) ▓▓▓▓▓▓▓▓▓▓▓▓▓▓▓▓▓▓▓▓▓▓▓▓▓▓▓▓▓▓▓▓▓ ..))..'_____ZWKo@°_____________'. ▓▓▓▓▓▓▓▓▓▓▓▓▓▓▓▓▓▓▓▓▓▓▓▓▓▓▓▓▓▓▓▓▓

You could see an orc warrior, a kobold brigand, a shadow (invisible) and an adder zombie.

Vanquished Creatures
  An ogre (D)
  A wight (D)
  A howler monkey (D)
  A jelly (D)
  A gnoll (D)
  An adder (D)
  A goblin (D)
  A quokka (D)
  2 bats (D)
  A quokka zombie (D)
  A rat (D)
12 creatures vanquished.

Vanquished Creatures (others)
  5 great orbs of eyes (D)
  2 slime creatures (D)
  A jelly (D)
8 creatures vanquished.

Grand Total: 20 creatures vanquished

Notes
Turn   | Place    | Note
-------+----------+-------------------------------------------
     0 | D        | ytrimaz the Palentonga Fighter began the quest for the Orb.
     0 | D        | Reached XP level 1. HP: 19/19 MP: 1/1
    23 | D        | Noticed an ogre
    23 | D        | Noticed a jelly
    29 | D        | Killed a jelly
    30 | D        | Reached skill level 4 in Fighting
    30 | D        | Reached XP level 2. HP: 24/27 MP: 2/2
    30 | D        | Reached XP level 3. HP: 29/33 MP: 3/3
    33 | D        | Killed an ogre
    34 | D        | Reached skill level 6 in Fighting
    34 | D        | Reached XP level 4. HP: 6/42 MP: 4/4
    50 | D        | Reached skill level 5 in Armour
    51 | D        | HP: 2/42 [poisoned by an adder]
   333 | D        | Found a snail-covered altar of Cheibriados.
   333 | D        | Found a shadowy altar of Dithmenos.
   333 | D        | Found a white marble altar of Elyvilon.
   333 | D        | Found a blossoming altar of Fedhas.
   333 | D        | Found an opulent altar of Gozag.
   334 | D        | Found a hazy altar of Hepliaklqana.
   335 | D        | Found a viscous altar of Jiyva.
   336 | D        | Found an ancient bone altar of Kikubaaqudgha.
   337 | D        | Found a corrupted altar of Lugonu.
   338 | D        | Found a burning altar of Makhleb.
   339 | D        | Found a sparkling altar of Nemelex Xobeh.
   340 | D        | Found an iron altar of Okawaru.
   341 | D        | Found a stormy altar of Qazlal.
   342 | D        | Found a sacrificial altar of Ru.
   343 | D        | Became a worshipper of Jiyva Juangede the Shapeless
   344 | D        | Found a shimmering blue altar of Sif Muna.
   344 | D        | Killed a great orb of eyes
   345 | D        | Found a bloodstained altar of Trog.
   346 | D        | Found a hide-covered altar of Uskayaw.
   346 | D        | Killed a slime creature
   346 | D        | Killed a great orb of eyes
   346 | D        | Killed a great orb of eyes
   347 | D        | Found a radiant altar of Vehumet.
   347 | D        | Killed a great orb of eyes
   348 | D        | Found an ornate altar of the Wu Jian Council.
   349 | D        | Found a shimmering altar of Xom.
   350 | D        | Found a basalt altar of Yredelemnul.
   351 | D        | Found a glowing silver altar of Zin.
   351 | D        | Killed a slime creature
   352 | D        | Found a glowing golden altar of the Shining One.
   352 | D        | Killed a great orb of eyes
   368 | D        | Got the +1 broad axe "Iruaz" {spect, Str+4}
   378 | D        | Reached * piety under Jiyva
   378 | D        | Reached ** piety under Jiyva
   378 | D        | Reached *** piety under Jiyva
   378 | D        | Gained mutation: Your body has grown golden eyes which may
                  | confuse attackers. (Acc +3) [Jiyva's grace]
   378 | D        | Reached **** piety under Jiyva
   378 | D        | Gained mutation: You have hidden genetic defects. [Jiyva's
                  | grace]
   406 | D        | Noticed a shadow
   406 | D        | Noticed a kobold brigand
   406 | D        | Noticed an orc warrior
   408 | D        | Reached ***** piety under Jiyva
   409 | D        | Lost mutation: You have hidden genetic defects. [Jiyva's
                  | power]
   419 | D        | Reached skill level 5 in Axes
   419 | D        | Reached XP level 5. HP: 42/50 MP: 5/5
   433 | D        | Reached skill level 7 in Fighting
   433 | D        | Reached skill level 1 in Dodging
   443 | D        | Quit the game

Illustrated notes

Levels and vault maps discovered:
D:        linesprint [early_d, line_temple, items_1, d_10, items_2, lair_1,
          lair_end, items_3, orc_1, orc_end, items_4, d_15, swamp_1, shoals_1,
          snake_1, spider_1, d_20, vaults_1, items_5, swamp_end, shoals_end,
          snake_end, spider_end, vaults_end, d_27, items_6, zot_1, zot_end,
          crypt_end, forest_end, elf_end, slime_end, tomb_end, abyss_end,
          pan_hell_end]

Skill      XL: |  1  2  3  4  5 |
---------------+----------------+-----
Armour         | 3 4 5 |  5.5
Fighting       | 4 6 7 |  7.0
Shields        | 3 4 |  4.9
Axes           | 4 5 |  5.7
Dodging        | 1 |  1.0

Action                   |  1- 3 |  4- 6 || total
-------------------------+-------+-------++-------
Melee: War axe           |    18 |    21 ||    39
       Tailslap          |     2 |       ||     2
Invok: Cure Bad Mutation |       |     1 ||     1
 Abil: Rolling Charge    |     1 |     3 ||     4
  Use: Potion            |       |     3 ||     3
Armor: Scale mail        |    11 |     5 ||    16
       Ring mail         |       |     2 ||     2
Dodge: Dodged            |     6 |    12 ||    18
Block: Buckler           |     4 |     2 ||     6

Table legend: (Time is in decaauts)
 A = Elapsed time spent in this place.
 B = Non-inter-level travel time spent in this place.
 C = Inter-level travel time spent in this place.
 D = Time resting spent in this place.
 E = Time spent auto-exploring this place.
 F = Levels seen in this place.
 G = Mean time per level.
                   A        B        C        D        E       F      G
               +--------+--------+--------+--------+--------+-----+--------+
         Total |    454 |    454 |      0 |    274 |      0 |   1 |  454.0 |
       Dungeon |    454 |    454 |      0 |    274 |      0 |   1 |  454.0 |
               +--------+--------+--------+--------+--------+-----+--------+

Top non-repeatable levels by time:
       D: 454 daAuts
